Cogmind - Beta 16 --- EXPLORER MODE // 2025.11.12 @ 12:18:38 Player: K.K.Y. Result: Destroyed by P-60 Hacker with Shock Rifle Performance ------------- Evolutions (0) 0 Regions Visited (3) 600 Robots Destroyed (55) 275 Value Destroyed (849) 849 Prototype IDs (12) 240 Alien Tech Used (0) 0 Bonus (0) 0 TOTAL SCORE: 1964 Bonus ------- None Cogmind --------- Core Integrity 0/250 Matter 22/300 Energy 84/100 System Corruption 3% Temperature Cool (5) Movement Walking (185) Ox1 Location -9/Recycling Parts ------- > --- POWER (1) -------- (None) > --- PROPULSION (3+3) - Improved Aluminum Leg (+) Arachnoskeleton > --- UTILITY (2) ------ Huge Storage Unit Targeting Computer > --- WEAPON (2) ------- Battle Rifle Multitool > --- INVENTORY (25) --- Structural Scanner Sensor Array Signal Interpreter Terrain Scanner Terrain Scan Processor Seismic Detector Scrap Shield Heavy Riot Gun Subdweller Laser Battle Rifle Light Cannon Slug Cannon Multitool Peak State ------------ > --- POWER ------------ Subdweller Power Source > --- PROPULSION ------- Improved Aluminum Leg Arachnoskeleton > --- UTILITY ---------- Huge Storage Unit Targeting Computer > --- WEAPON ----------- Light Cannon Light Cannon > --- INVENTORY -------- Structural Scanner Sensor Array Signal Interpreter Terrain Scanner Terrain Scan Processor Seismic Detector Scrap Shield Heavy Riot Gun Battle Rifle Multitool Multitool [Rating: 31] Favorites ----------- Power Improved Ion Engine Engine Improved Ion Engine Propulsion Improved Aluminum Leg Leg Improved Aluminum Leg Utility Targeting Computer Storage Huge Storage Unit Processor Targeting Computer Weapon Light Cannon Ballistic Gun Battle Rifle Ballistic Cannon Light Cannon Special Weapon Multitool Build | -11 -10 -10 -9 ------- Run | Yrd Mat Sub Rec Slots Evolved 1 | . 1 . . Power . | . . . . Propulsion 1 | . 1 . . Utility . | . . . . Weapon . | . . . . Parts Attached 22 | 7 10 5 . Power 3 | 1 1 1 . Engine 3 | 1 1 1 . Core . | . . . . Reactor . | . . . . Propulsion 9 | 2 5 2 . Treads . | . . . . Leg 9 | 2 5 2 . Wheel . | . . . . Hover . | . . . . Flight . | . . . . Utility 4 | 2 2 . . Device . | . . . . Storage 3 | 1 2 . . Processor 1 | 1 . . . Hackware . | . . . . Protection . | . . . . Artifact . | . . . . Weapon 6 | 2 2 2 . Energy Gun . | . . . . Energy Cannon . | . . . . Ballistic Gun 3 | 2 . 1 . Ballistic Cannon 2 | . 2 . . Launcher . | . . . . Special Weapon 1 | . . 1 . Impact Weapon . | . . . . Slashing Weapon . | . . . . Piercing Weapon . | . . . . Special Melee Weapon . | . . . . Unidentified Prototypes . | . . . . Parts Lost 5 | . . 5 . Power 1 | . . 1 . Propulsion 3 | . . 3 . Utility . | . . . . Weapon 1 | . . 1 . Highest Loss Streak 2 | . . 2 . To Critical Strikes . | . . . . Average Backups 7 | . 5 9 13 Power . | . . . . Propulsion . | . . . . Utility 5 | . 4 6 7 Weapon . | . . 1 5 Tool/Special . | . . . . Unused Backups 12 | . . . 12 Power . | . . . . Propulsion . | . . . . Utility 7 | . . . 7 Weapon 4 | . . . 4 Tool/Special 1 | . . . 1 Average Slot Usage (%) 79 | . 99 68 54 Engine 6 | . 12 2 . Leg 25 | . 36 19 18 Storage 11 | . 12 10 9 Processor 11 | . 12 10 9 Ballistic Gun 1 | . 1 1 9 Ballistic Cannon 21 | . 23 20 . Peak Build Rating 31 | 7 12 31 31 Average Rating 14 | 5 11 15 31 On Entrance 12 | . 7 12 31 Avg Prop Armor Cover (%) . | . . . . Naked Turns . | . . . . Heaviest Build 93 | 15 93 93 84 Greatest Support 63 | 20 39 63 63 Greatest Overweight (x) 6 | . 2 6 1 Average Overweight (x) 1 | . 1 2 1 Largest Inventory Capacity 25 | 10 25 25 25 Average Capacity 23 | 8 21 25 25 Most Carried 15 | 5 7 15 14 Average Carried 8 | . 5 9 14 Final Capacity 25 | 10 25 25 25 Final Carried 14 | . 7 14 14 Class Distribution -------------------- 100% | Hacker-Mutant Dominant Class ---------------- Hacker-Mutant | -10/Materials Hacker-Mutant | -10/Subcaves Hacker-Mutant | -9/Recycling Resources | -11 -10 -10 -9 ----------- Run | Yrd Mat Sub Rec Matter Collected 1451 | 236 793 422 . Remotely . | . . . . Salvage Created 1035 | . 734 301 . Parts 109 | . 90 19 . Haulers Intercepted 2 | . 2 . . Recyclers Shooed . | . . . . Parts Field Recycled . | . . . . Retrieved Matter . | . . . . Parts Self-Destructed . | . . . . Prevented . | . . . . Parts Restored . | . . . . Kills | -11 -10 -10 -9 ------- Run | Yrd Mat Sub Rec Combat Hostiles Destroyed 22 | . 11 11 . Guns 5 | . 4 1 . Cannons 17 | . 7 10 . Classes Destroyed 10 | . 7 3 . Worker 5 | . 5 . . Builder 19 | . 19 . . Hauler 2 | . 2 . . Recycler 2 | . 2 . . Turret 2 | . . 2 . Watcher 3 | . 3 . . Swarmer 11 | . 8 3 . Grunt 3 | . 3 . . Artisan 2 | . . 2 . Subdweller 8 | . . 8 . Best Kill Streak 5 | . 5 3 . Combat Bots Only 4 | . 4 3 . Max Kills in Single Turn 2 | . 2 1 . Gunslinging . | . . . . Exploded . | . . . . Melee . | . . . . Uniques/NPCs Destroyed . | . . . . Combat | -11 -10 -10 -9 -------- Run | Yrd Mat Sub Rec Hostile Shots Fired 228 | . 40 166 22 Missed 79 | . 18 59 2 Hits 149 | . 22 107 20 Projectile 149 | . 22 107 20 Critical Strikes 2 | . . 2 . Damage Taken 1241 | . 310 777 154 Core 252 | . 85 152 15 Absorbed by Shields . | . . . . Ignored by Resistances 785 | . 192 494 99 Core Remaining (%) 100 | 100 . . . Volleys Fired 179 | . 94 85 . Largest 2 | . 2 2 . Hottest 60 | . 60 60 . Shots Fired 351 | . 188 163 . Gun 32 | . 28 4 . Cannon 315 | . 160 155 . Launcher . | . . . . Special 4 | . . 4 . Kinetic 347 | . 188 159 . Thermal 4 | . . 4 . Explosive . | . . . . Electromagnetic . | . . . . Robot Hit Streak 32 | . 32 19 . Robot Miss Streak 7 | . 7 1 . Penetration Max . | . . . . Secondary Targets 1 | . 1 . . Max Gunslinging Chain 1 | . 1 . . Shots Hit Robots 180 | . 101 79 . Core Hits 71 | . 47 24 . Critical Kills 1 | . 1 . . Critical Parts Destroyed . | . . . . Critical Strikes 7 | . 4 3 . Destroy 1 | . 1 . . Blast 6 | . 3 3 . Melee Attacks . | . . . . Impact . | . . . . Slashing . | . . . . Piercing . | . . . . Sneak Attacks . | . . . . Combat Hostiles . | . . . . Follow-up Attacks . | . . . . Damage Inflicted 2681 | . 1612 1069 . Guns 189 | . 161 28 . Cannons 2469 | . 1443 1026 . Explosions . | . . . . Melee . | . . . . Ramming 23 | . 8 15 . Kinetic 2658 | . 1604 1054 . Thermal . | . . . . Explosive . | . . . . Electromagnetic . | . . . . Impact . | . . . . Slashing . | . . . . Piercing . | . . . . Highest Corruption 1 | . . . 1 Average Corruption 1 | . . . 1 Corruption Purged . | . . . . Corruption Blocked . | . . . . Overload Shots . | . . . . Overflow Damage 54 | . 32 22 . Projectiles 54 | . 32 22 . Explosions . | . . . . Melee . | . . . . Knockbacks 27 | . 12 15 . Impact . | . . . . Kinetic 26 | . 12 14 . Secondary 1 | . . 1 . Self-Inflicted Damage 150 | . 150 . . Shots 4 | . 4 . . Rammed . | . . . . Targets Rammed 4 | . 2 2 . Kicked 4 | . 2 2 . Crushed . | . . . . Highest Temperature 36 | . 36 . . Average Temperature 6 | . 6 . . Received Heat Transfer 291 | . 45 210 36 Siege Activations . | . . . . Martial Activations . | . . . . Shielding Activations . | . . . . Robots Disrupted . | . . . . Combat Hostiles . | . . . . Robots Corrupted . | . . . . Combat Hostiles . | . . . . Parts Fried . | . . . . Impact Corruptions . | . . . . Robots Melted . | . . . . Combat Hostiles . | . . . . Parts Melted . | . . . . Heat Transferred . | . . . . Parts Sabotaged . | . . . . Parts Stolen . | . . . . Parts Stripped . | . . . . Power Chain Reactions . | . . . . Alert | -11 -10 -10 -9 ------- Run | Yrd Mat Sub Rec Maximum Alert Level . | . . . . Low Security (%) 100 | 100 100 . 100 Level 1 . | . . . . Level 2 . | . . . . Level 3 . | . . . . Level 4 . | . . . . Level 5 . | . . . . High Security . | . . . . Max Security . | . . . . Peak Influence 77 | . 77 . . Initial . | . . . . Average 3 | . 3 . . Influence Increases 777 | . 587 190 . Destroy 0b10 Robot/C 320 | . 220 100 . Destroy 0b10 Robot/NC 155 | . 155 . . Destroy Leader 60 | . 60 . . Successful Hack 10 | . 10 . . Disable Machine 32 | . 32 . . Destroy Structure 110 | . 110 . . Lose Combat Pursuer 90 | . . 90 . Influence Decreases 777 | . 587 190 . Time Decay 715 | . 525 190 . Purge Threat 62 | . 62 . . Squads Dispatched . | . . . . Investigation . | . . . . Extermination . | . . . . Reinforcement . | . . . . Assault . | . . . . Garrison . | . . . . Intercept . | . . . . Searches Triggered . | . . . . Construction Impeded . | . . . . Haulers Reinforced . | . . . . Active Scanning Responses . | . . . . Cargo Convoy Interrupts . | . . . . Stealth | -11 -10 -10 -9 --------- Run | Yrd Mat Sub Rec Distress Signals 1 | . 1 . . Communications Jammed . | . . . . Distress Signals . | . . . . Times Spotted 33 | . 14 16 3 Peak Tracking Total 6 | . 3 6 3 Tactical Retreats 2 | . . 2 . Traps | -11 -10 -10 -9 ------- Run | Yrd Mat Sub Rec Traps Triggered 2 | . 2 . . Indirectly . | . . . . Trap Hack Attempts . | . . . . Triggered . | . . . . Disarmed . | . . . . Reprogrammed 6 | . 6 . . Reused . | . . . . Traps Extracted . | . . . . Installed . | . . . . Triggered . | . . . . Machines | -11 -10 -10 -9 ---------- Run | Yrd Mat Sub Rec Machines Disabled 11 | . 8 3 . Max in Single Turn 2 | . 2 1 . Machines Repaired . | . . . . Machines Dismantled . | . . . . Machines Sabotaged . | . . . . Overloaded Fab Kills . | . . . . Hacking | -11 -10 -10 -9 --------- Run | Yrd Mat Sub Rec Machines Accessed 8 | . 7 1 . Terminals 7 | . 7 . . Fabricators . | . . . . Repair Stations . | . . . . Recycling Units . | . . . . Scanalyzers . | . . . . Garrison Access . | . . . . Total Hacks 28 | . 19 9 . Successful 24 | . 15 9 . Failed 4 | . 4 . . Catastrophic . | . . . . Database Lockouts . | . . . . Manual 7 | . 7 . . Terminals 19 | . 19 . . Fabricators . | . . . . Repair Stations . | . . . . Recycling Units . | . . . . Scanalyzers . | . . . . Garrison Access . | . . . . Terminal Hacks 24 | . 15 9 . Record 8 | . . 8 . Branch Access Points 1 | . 1 . . Emergency Access Points 2 | . 2 . . Unreport Threat 1 | . 1 . . Locate Traps 2 | . 2 . . Reprogram Traps 2 | . 2 . . Zone Layout 7 | . 7 . . Proto ID Catalog 1 | . . 1 . Fabricator Hacks . | . . . . Repair Station Hacks . | . . . . Recycling Unit Hacks . | . . . . Scanalyzer . | . . . . Garrison Access Hacks . | . . . . Unauthorized Hacks . | . . . . Terminals . | . . . . Fabricators . | . . . . Repair Stations . | . . . . Recycling Units . | . . . . Scanalyzers . | . . . . Garrison Access . | . . . . Data Cores Recovered . | . . . . Used . | . . . . Hacking Detections 4 | . 4 . . Full Trace Events 1 | . 1 . . Feedback Events . | . . . . Feedback Blocked . | . . . . Robot Schematics Acquired . | . . . . Robots Built . | . . . . Authchips . | . . . . Time . | . . . . Total Robot Build Rating . | . . . . Part Schematics Acquired . | . . . . Parts Built . | . . . . Authchips . | . . . . Time . | . . . . Total Part Build Rating . | . . . . Part Studies Acquired . | . . . . Parts Repaired . | . . . . Time . | . . . . Parts Recycled . | . . . . Recycled Matter . | . . . . Retrieved Matter . | . . . . Retrieved Components . | . . . . Parts Scanalyzed . | . . . . Part Schematics Acquired . | . . . . Parts Damaged . | . . . . Bothacking | -11 -10 -10 -9 ------------ Run | Yrd Mat Sub Rec Used RIF Installer . | . . . . Robots Hacked . | . . . . Non-combat . | . . . . Combat . | . . . . Robot Hacks Applied . | . . . . Relay Couplers Released . | . . . . Fabnet Peak Effective % . | . . . . Robots Rewired . | . . . . Allies Hacked . | . . . . Hacks Repelled . | . . . . Allies | -11 -10 -10 -9 -------- Run | Yrd Mat Sub Rec Total Allies . | . . . . Largest Group . | . . . . Highest-Rated Group . | . . . . Highest-Rated Ally . | . . . . Total Orders . | . . . . Ally Attacks . | . . . . Total Damage . | . . . . Kills . | . . . . Allies Corrupted . | . . . . Allies Melted . | . . . . Intel | -11 -10 -10 -9 ------- Run | Yrd Mat Sub Rec Active Infowar (turns) . | . . . . Robot Analysis Total . | . . . . Derelict Logs Recovered 1 | . . 1 . Drone Launches . | . . . . Drone Recoveries . | . . . . Exploration | -11 -10 -10 -9 ------------- Run | Yrd Mat Sub Rec Turns Passed 10646 | 74 3681 6833 58 Spaces Moved 3661 | 64 1604 1982 11 Core 22 | 22 . . . Treads . | . . . . Legs 3639 | 42 1604 1982 11 Wheels . | . . . . Hover . | . . . . Flight . | . . . . Fastest Speed 50 | 50 120 185 185 Average Speed 249 | 95 196 298 185 Slowest Speed 540 | 120 260 540 185 Overloaded Moves . | . . . . Propulsion Burnouts . | . . . . Robots Hopped . | . . . . Potential Cave-ins . | . . . . Cave-ins Triggered . | . . . . Exploration Rate (%) 46 | 3 100 76 5 Regions Visited 3 Branch Regions 2 Pre-discovered Areas 2 | . . 2 . Known Exits Taken 3 | 1 1 1 . Unknown Exits Taken . | . . . . Scrap Searched 2 | . . 2 . Spaces Dug . | . . . . Terrain Destroyed 148 | . 148 . . Melee . | . . . . Projectile . | . . . . AOE 148 | . 148 . . Terrain Rammed . | . . . . Walls Destroyed . | . . . . Machines Disabled . | . . . . Actions | -11 -10 -10 -9 --------- Run | Yrd Mat Sub Rec Total 4824 | 76 1956 2742 50 Wait 907 | . 221 655 31 Move 3658 | 63 1603 1981 11 Hop . | . . . . Pick Up 33 | 6 17 10 . Fast Attach 1 | 1 . . . Attach 12 | 6 1 5 . Detach 2 | . . 2 . Swap 10 | . 9 1 . Drop 10 | . 9 1 . Fire 179 | . 94 85 . Melee . | . . . . Ram . | . . . . Kick 4 | . 2 2 . Crush . | . . . . Escape Stasis . | . . . . Rewire 8 | . . . 8 Trap . | . . . . Miscellaneous . | . . . . Route ------- -11/Scrapyard -10/Materials (discovered 5 exits: *Mat x3 / *Min / *Sub) -10/Subcaves (discovered 3 exits: *Mat x2 / *Rec) -9/Recycling History --------- Turn | Location | Event 7 | -11/Scrapyard | Identified exit to Materials 7 | -11/Scrapyard | Discovered exit to Materials (range 14) 75 | -11/Scrapyard | Entered Materials 75 | -10/Materials | Evolved 1 slot: Propulsion x1 118 | -10/Materials | Identified exit to Mines 312 | -10/Materials | Build established: Hacker-Mutant 312 | -10/Materials | Identified exit to Subcaves 312 | -10/Materials | Discovered exit to Subcaves (range 11) 381 | -10/Materials | Identified exit to Materials 381 | -10/Materials | Discovered exit to Materials (range 15) 674 | -10/Materials | Discovered exit to Materials (range 12) 775 | -10/Materials | Derelicts attacked the area 987 | -10/Materials | Discovered exit to Materials (range 15) 3756 | -10/Materials | Entered Subcaves 3872 | -10/Subcaves | Learned location of Zion (-7) 3872 | -10/Subcaves | Met a Zionite searching for "candidates" 3960 | -10/Subcaves | Identified exit to Recycling 3960 | -10/Subcaves | Discovered exit to Recycling (range 16) 3964 | -10/Subcaves | Shifting Twisted Machinery released Mak. Light Armor Plating 3970 | -10/Subcaves | Core integrity fell below 50% 4161 | -10/Subcaves | Identified exit to Materials 4161 | -10/Subcaves | Discovered exit to Materials (range 10) 4893 | -10/Subcaves | Shifting Twisted Machinery released Mak. Laser 5170 | -10/Subcaves | Shifting Twisted Machinery released Sub. Laser 5206 | -10/Subcaves | Shifting Twisted Machinery released Battle Rifle 5395 | -10/Subcaves | Core integrity fell below 20% 7297 | -10/Subcaves | Discovered exit to Materials (range 5) 8222 | -10/Subcaves | Visited 4L-MR0's lab 8287 | -10/Subcaves | Found Arachnoskeleton 8289 | -10/Subcaves | Attached Arachnoskeleton, gained temporary slots: Propulsion x3 10589 | -10/Subcaves | Entered Recycling 10647 | -9/Recycling | Destroyed by P-60 Hacker with Shock Rifle Last Messages --------------- GOAL=ESCAPE 10635_ Attempting to rewire G-34 Mercenary. 10635_ G-34 Mercenary is broken beyond repair. 10636_ S-10 Pest springs to life. 10636_ Attempting to rewire G-34 Mercenary. 10636_ G-34 Mercenary is broken beyond repair. 10637_ P-60 Hacker springs to life. 10637_ Attempting to rewire G-34 Mercenary. 10637_ G-34 Mercenary is broken beyond repair. 10637_ Y-45 Defender springs to life. 10638_ Attempting to rewire G-34 Mercenary. 10638_ G-34 Mercenary is broken beyond repair. 10639_ Attempting to rewire G-34 Mercenary. 10639_ G-34 Mercenary is broken beyond repair. 10640_ Attempting to rewire G-34 Mercenary. 10640_ G-34 Mercenary is broken beyond repair. 10641_ Attempting to rewire G-34 Mercenary. 10641_ G-34 Mercenary is broken beyond repair. 10642_ Attempting to rewire G-34 Mercenary. 10642_ G-34 Mercenary is broken beyond repair. Map ----- +----------------------------------------------------+ | ?????????????????????????????????????????????????? | | ?????????????????????????????????????????????????? | | ?????????????????????????????????????????????????? | | ?????????????????????????????????????????????????? | | ?????????????????????????????????????????????????? | | ?????????????????????????????????????????????????? | | ?????????????????????????????????????????????????? | | ?????????????????????????????????????????????????? | | ?????????????????????????????????????????????????? | | ?????????????????????????????????????????????????? | | ?????????????????????????????????????????????????? | | ?????????????????????????????????????????????????? | | ?????????????????????????????????????????????????? | | ?????????????????????????????????????????????????? | | ?????????????????????????????????????????????????? | | ?????????????????????????????????????????????????? | | ?????????????????????????????????????????????????? | | ???????????????????##########????????????????????? | | ???????????????????#rkgi g] #????????????????????? | | ???????????????????# Yk #????????????????????? | | ???????????????????#] g t#????????????????????? | | ???????????????????# k #????????????????????? | | ???????????????????#b% Yht #????????????????????? | | ???????????????????# gsYr #????????????????????? | | ???????????????????# ! su #????????????????????? | | ???????????????????# tp @t #????????????????????? | | ???????????????????#Y [ = #????????????????????? | | ?????????????# #######+######??????????????????? | | ????????? #??????????????????? | | ????????? #??????????????????? | | ????????? #??????????????????? | | ??????????####+################??????????????????? | | ?????????????????????????????????????????????????? | | ?????????????????????????????????????????????????? | | ?????????????????????????????????????????????????? | | ?????????????????????????????????????????????????? | | ?????????????????????????????????????????????????? | | ?????????????????????????????????????????????????? | | ?????????????????????????????????????????????????? | | ?????????????????????????????????????????????????? | | ?????????????????????????????????????????????????? | | ?????????????????????????????????????????????????? | | ?????????????????????????????????????????????????? | | ?????????????????????????????????????????????????? | | | | | | | | | | | | | +----------------------------------------------------+ Best States ------------- Heat Dissipation 25 Energy Generation 15 Energy Capacity 265 Matter Stores 300 Matter Capacity 300 Sight Range 16 Terrain Scan Density 10 Resistance: KI 35 Resistance: TH 35 Resistance: EX 35 Resistance: EM 35 Resistance: I 35 Resistance: S 35 Resistance: P 35 Evasion (%) 55 Targeting Accuracy 5 Offensive Hacking 20 Item Schematics ----------------- None Robot Schematics ------------------ None Fabricated ------------ Nothing Repaired ---------- Nothing Studied --------- None Alien Tech Used ----------------- None Achievements -------------- None Challenges ------------ None Game ------ Seed HybridGunDeflector Manual? 0 Play Time 00:24:52 Cumulative 77.9 hours Start 2025.11.12 @ 11:54:08 End 2025.11.12 @ 12:18:38 Sessions 1 Manual Loads 0 Difficulty Explorer Special Mode None Game No. 65 Rogue 0 Adventurer 0 Explorer 65 Win Type - Total 0 Types 0/0/0/0/0/0/0/0/0/0 Lore% 51 Gallery% 53 Achievement% 42 Wizard Run 0 Options --------- Layout 1 ASCII 0 Keyboard 0 Movement Mouse Keybinds 0 Fullscreen 1 Font 24/Smallcaps Map View 50x35 Zoom Use 0% Tactical HUD 1 Map Filters NONE Filters NONE Steam 1 RUN: cb7130b5-b0f2-4e28-b930-cb36b109ffcc